Philadelphia Flyers vs Nashville Predators
Created - Thursday, May 8, 2025 at 08:53
Goals
|
| Philadelphia Flyers |
1 |
2 |
0 |
3 |
| Nashville Predators |
1 |
0 |
0 |
1 |
|
Shots
|
| Philadelphia Flyers |
17 |
12 |
6 |
35 |
| Nashville Predators |
11 |
14 |
4 |
29 |
|
1st period
1. Nashville Predators , Jake Neighbours 10 (Christian Dvorak 9) at 5:25
2. Philadelphia Flyers , Marcus Johansson 11 (Joshua Brown 8, Sean Kuraly 26) at 15:16
Penalties :
Simon Benoit (NSH) for Roughing (Minor) at 17:22
2nd period
3. Philadelphia Flyers , Marcus Johansson 12 (Luke Glendening 9, Radek Faksa 19) at 6:32
4. Philadelphia Flyers , Brett Murray 6 (Jack McBain 30) at 6:42
Penalties :
Brandon Montour (NSH) for High sticking (Minor) at 6:45, William Borgen (PHI) for High sticking (Minor) at 13:03, William Borgen (PHI) for Slashing (Minor) at 17:39
3rd period
No Goal
Penalties :
Brandon Duhaime (PHI) for Interference (Minor) at 2:40, Jeff Skinner (PHI) for Delaying the game (Minor) at 10:24, Joshua Brown (PHI) for Tripping (Minor) at 12:53
Goalie Stats
Connor Ingram (PHI), 28 saves from 29 shots - (0.966), W, 19-28-4, 60:00 minutes
Thatcher Demko (NSH), 32 saves from 35 shots - (0.914), L, 30-22-4, 60:00 minutes
Players Stats for Philadelphia Flyers
Player Name G A P +/- PIM S H SB GA TA FO MP PP MP PK MP
------------------------------------------------------------------------------------
Brandon Duhaime 0 0 0 0 2 1 3 1 1 0 0/0 11:08 0:00 0:00
Brett Murray 1 0 1 0 0 4 0 0 0 0 0/0 11:15 0:00 0:00
Casey Cizikas 0 0 0 0 0 1 1 1 1 0 8/19 17:09 1:41 4:29
Cody Glass 0 0 0 0 0 2 0 0 1 0 0/0 13:06 1:41 0:00
Fredrik Olofsson 0 0 0 0 0 3 1 0 0 0 0/0 12:58 0:00 0:47
Jack McBain 0 1 1 0 0 4 2 0 0 0 6/10 11:20 2:17 0:30
Jeff Skinner 0 0 0 0 2 0 1 1 0 0 0/2 16:07 2:17 0:00
Joel Edmundson 0 0 0 0 0 2 2 1 0 0 0/0 19:33 0:00 5:11
Joshua Brown 0 1 1 1 2 0 1 0 1 0 0/0 14:18 0:00 0:00
Juuso Parssinen 0 0 0 2 0 3 1 0 0 0 0/0 15:29 2:17 0:33
Luke Glendening 0 1 1 0 0 2 1 0 1 0 0/0 16:07 0:00 4:26
Marcus Johansson 2 0 2 2 0 5 0 0 1 0 0/0 11:47 0:00 0:00
Radek Faksa 0 1 1 0 0 1 0 0 0 0 6/16 15:44 0:00 4:36
Sean Kuraly 0 1 1 2 0 0 1 1 0 0 5/10 17:54 1:41 4:29
Trevor van Riemsdyk 0 0 0 1 0 2 0 1 0 1 0/0 24:07 2:19 4:44
Vladislav Gavrikov 0 0 0 1 0 1 0 2 0 2 0/0 24:18 2:19 4:53
William Borgen 0 0 0 0 4 3 0 0 0 2 0/0 20:31 1:39 3:11
Zac Jones 0 0 0 1 0 1 1 1 0 1 0/0 17:09 1:39 1:51
Players Stats for Nashville Predators
Player Name G A P +/- PIM S H SB GA TA FO MP PP MP PK MP
------------------------------------------------------------------------------------
Alexander Wennberg 0 0 0 -2 0 3 0 1 1 0 3/4 22:18 4:56 2:49
Anthony Duclair 0 0 0 -1 0 2 1 0 0 0 1/1 15:19 4:49 0:00
Artem Zub 0 0 0 0 0 2 1 5 0 3 0/0 25:20 4:41 2:22
Ben Chiarot 0 0 0 -1 0 0 2 0 0 0 0/0 14:02 0:01 1:18
Brandon Montour 0 0 0 0 2 1 2 1 0 0 0/0 22:13 5:14 0:00
Christian Dvorak 0 1 1 1 0 2 0 0 0 0 6/11 14:51 0:05 0:21
Dante Fabbro 0 0 0 -1 0 0 0 1 0 1 0/0 22:43 4:40 1:36
Dmitri Voronkov 0 0 0 0 0 0 0 0 0 0 1/2 12:01 4:46 0:00
Jake Neighbours 1 0 1 1 0 4 1 0 2 0 0/1 17:22 4:51 0:00
James van Riemsdyk 0 0 0 -1 0 0 1 0 0 0 1/2 11:12 0:00 1:02
Kailer Yamamoto 0 0 0 0 0 1 0 0 0 0 0/0 7:32 0:00 0:00
Kirby Dach 0 0 0 0 0 1 0 0 0 0 0/0 7:59 0:08 0:00
Pius Suter 0 0 0 1 0 5 0 0 1 1 1/1 19:12 4:48 0:55
Rasmus Andersson 0 0 0 -1 0 1 0 0 1 1 0/0 18:39 5:14 1:21
Ryan Hartman 0 0 0 -2 0 2 2 0 0 0 0/2 14:27 0:00 0:00
Sidney Crosby 0 0 0 -2 0 4 1 0 1 0 16/28 22:18 4:54 2:49
Simon Benoit 0 0 0 -1 2 1 1 2 0 0 0/0 17:59 0:00 1:19
Thomas Novak 0 0 0 -1 0 0 0 1 0 0 3/5 10:33 0:28 0:00
3 Stars
1 - Marcus Johansson (PHI)
2 - Connor Ingram (PHI)
3 - Sean Kuraly (PHI)
Power Play
Philadelphia Flyers - 0 on 2 Attempt(s) - 0.00%
Nashville Predators - 0 on 5 Attempt(s) - 0.00%
Penalty Kill
Philadelphia Flyers - 5 on 5 Attempt(s) - 100.00%
- Score 0 goal in Penalty Kill
Nashville Predators - 2 on 2 Attempt(s) - 100.00%
- Score 0 goal in Penalty Kill
Team Stat
Philadelphia Flyers - Hits : 15 - Faceoff Wins : 25 - Blocked Shots : 9 - Penalty Minutes : 10
Nashville Predators - Hits : 12 - Faceoff Wins : 32 - Blocked Shots : 11 - Penalty Minutes : 4
Official
Referees : Tj Luxmore and Conor O'Donnell
Linesman : Joseph Mahon and Ryan Gibbons
Game Notes
Jack McBain is injured at 19:40 of 2nd period (Strained Right Elbow)
Finance
Level 1 -- Attendance: 4789 (79.82%) -- Ticket Income $478,900
Level 2 -- Attendance: 4041 (80.82%) -- Ticket Income $242,460
Level 3 -- Attendance: 2315 (77.17%) -- Ticket Income $81,025
Level 4 -- Attendance: 3455 (69.10%) -- Ticket Income $86,375
Luxury Box -- Attendance: 742 (74.20%) -- Ticket Income $148,400
Game was played at the Bridgestone Arena.
Total Attendance: 15342 (76.71%)
Total Ticket Income: $1,037,160
Other Income: $363,006
Total Income: $1,400,166
Philadelphia Flyers
5 vs 5 Forward
Center Left Wing Right Wing Time % Phy DF OF
1 Casey Cizikas Jeff Skinner Cody Glass 25 0 1 4
2 Sean Kuraly Juuso Parssinen Marcus Johansson 25 0 2 3
3 Radek Faksa Luke Glendening Brandon Duhaime 25 0 1 4
4 Jack McBain Brett Murray Fredrik Olofsson 25 0 2 3
5 vs 5 Defense
Defense Defense Time % Phy DF OF
1 Vladislav Gavrikov Trevor van Riemsdyk 35 0 2 3
2 William Borgen Joel Edmundson 35 0 2 3
3 Zac Jones Joshua Brown 30 0 2 3
4 Vladislav Gavrikov Trevor van Riemsdyk 0 1 2 2
PowerPlay Forward
Center Left Wing Right Wing Time % Phy DF OF
1 Jack McBain Jeff Skinner Juuso Parssinen 50 0 0 5
2 Casey Cizikas Cody Glass Sean Kuraly 50 0 0 5
PowerPlay Defense
Defense Defense Time % Phy DF OF
1 William Borgen Zac Jones 50 0 1 4
2 Vladislav Gavrikov Trevor van Riemsdyk 50 0 1 4
Penalty Kill 4 Players Forward
Center Wing Time % Phy DF OF
1 Casey Cizikas Radek Faksa 50 0 5 0
2 Sean Kuraly Luke Glendening 50 0 5 0
Penalty Kill 4 Players Defense
Defense Defense Time % Phy DF OF
1 Vladislav Gavrikov Trevor van Riemsdyk 50 0 5 0
2 William Borgen Joel Edmundson 50 0 5 0
Penalty Kill - 3 Players Forward
Forward Time % Phy DF OF
1 Casey Cizikas 50 0 5 0
2 Radek Faksa 50 0 5 0
Penalty Kill - 3 Players Defense
Defense Defense Time % Phy DF OF
1 Vladislav Gavrikov Trevor van Riemsdyk 50 0 5 0
2 William Borgen Joel Edmundson 50 0 5 0
4 vs 4 Forward
Center Wing Time % Phy DF OF
1 Jeff Skinner Casey Cizikas 50 0 1 4
2 Jack McBain Juuso Parssinen 50 0 1 4
4 vs 4 Defense
Defense Defense Time % Phy DF OF
1 Vladislav Gavrikov Trevor van Riemsdyk 50 0 2 3
2 William Borgen Joel Edmundson 50 0 2 3
Last Minutes Offensive
Center Left Wing Right Wing Defense Defense
Casey Cizikas Jeff Skinner Jack McBain William Borgen Zac Jones
Last Minutes Defensive
Center Left Wing Right Wing Defense Defense
Casey Cizikas Radek Faksa Sean Kuraly Vladislav Gavrikov Trevor van Riemsdyk
Goaltenders
Starting : Connor Ingram
Backup : Jake Allen
Extra Forwards
Normal : Jack McBain, Jeff Skinner, Cody Glass - PP : Jack McBain, Jeff Skinner - PK : Jack McBain
Extra Defensemen
Normal : Vladislav Gavrikov, William Borgen, Trevor van Riemsdyk - PP : Vladislav Gavrikov - PK : Vladislav Gavrikov, William Borgen
Penalty Shots
Casey Cizikas, Cody Glass, Jeff Skinner, Juuso Parssinen, Sean Kuraly
Scratches
Chase De Leo (Healthy), Charles Hudon (Healthy), Jacob MacDonald (Healthy)
Nashville Predators
5 vs 5 Forward
Center Left Wing Right Wing Time % Phy DF OF
1 Sidney Crosby Alexander Wennberg Ryan Hartman 37 0 2 3
2 Christian Dvorak Pius Suter Jake Neighbours 33 0 2 3
3 Thomas Novak Anthony Duclair James van Riemsdyk 25 0 2 3
4 Dmitri Voronkov Kailer Yamamoto Kirby Dach 5 0 3 2
5 vs 5 Defense
Defense Defense Time % Phy DF OF
1 Artem Zub Brandon Montour 40 1 2 2
2 Simon Benoit Dante Fabbro 36 1 4 0
3 Ben Chiarot Rasmus Andersson 24 0 5 0
4 Artem Zub Ben Chiarot 0 1 3 1
PowerPlay Forward
Center Left Wing Right Wing Time % Phy DF OF
1 Sidney Crosby Pius Suter Jake Neighbours 50 1 1 3
2 Alexander Wennberg Anthony Duclair Dmitri Voronkov 50 1 1 3
PowerPlay Defense
Defense Defense Time % Phy DF OF
1 Brandon Montour Rasmus Andersson 50 1 1 3
2 Artem Zub Dante Fabbro 50 2 2 1
Penalty Kill 4 Players Forward
Center Wing Time % Phy DF OF
1 Sidney Crosby Alexander Wennberg 65 1 2 2
2 Christian Dvorak Pius Suter 35 1 2 2
Penalty Kill 4 Players Defense
Defense Defense Time % Phy DF OF
1 Artem Zub Simon Benoit 60 2 3 0
2 Dante Fabbro Rasmus Andersson 40 1 3 1
Penalty Kill - 3 Players Forward
Forward Time % Phy DF OF
1 Sidney Crosby 50 1 2 2
2 Christian Dvorak 50 1 2 2
Penalty Kill - 3 Players Defense
Defense Defense Time % Phy DF OF
1 Artem Zub Dante Fabbro 50 1 2 2
2 Simon Benoit Rasmus Andersson 50 1 2 2
4 vs 4 Forward
Center Wing Time % Phy DF OF
1 Sidney Crosby Alexander Wennberg 50 1 2 2
2 Christian Dvorak Pius Suter 50 1 2 2
4 vs 4 Defense
Defense Defense Time % Phy DF OF
1 Brandon Montour Simon Benoit 60 2 2 1
2 Rasmus Andersson Artem Zub 40 2 2 1
Last Minutes Offensive
Center Left Wing Right Wing Defense Defense
Sidney Crosby Pius Suter Dmitri Voronkov Rasmus Andersson Brandon Montour
Last Minutes Defensive
Center Left Wing Right Wing Defense Defense
Sidney Crosby Alexander Wennberg Pius Suter Artem Zub Simon Benoit
Goaltenders
Starting : Thatcher Demko
Backup : Anthony Stolarz
Extra Forwards
Normal : Sidney Crosby, Alexander Wennberg, Pius Suter - PP : Jake Neighbours, Thomas Novak - PK : James van Riemsdyk
Extra Defensemen
Normal : Rasmus Andersson, Brandon Montour, Dante Fabbro - PP : Rasmus Andersson - PK : Ben Chiarot, Artem Zub
Penalty Shots
James van Riemsdyk, Sidney Crosby, Thomas Novak, Ryan Hartman, Alexander Wennberg
Scratches
Victor Olofsson (Healthy), Marc-Andre Fleury (Healthy), Mads Sogaard (Healthy), Samuel Ersson (Healthy)
% Time on Ice - Philadelphia Flyers
Lines # - Real PCT - Wanted PCT - Time Play
Normal Forward
1 - 25% - 25% - 11:26
2 - 27% - 25% - 12:33
3 - 24% - 25% - 11:00
4 - 24% - 25% - 11:08
Normal Defense
1 - 37% - 35% - 16:53
2 - 32% - 35% - 14:59
3 - 31% - 30% - 14:15
4 - 0% - 0% - 0:00
PP Forward
1 - 58% - 50% - 2:17
2 - 42% - 50% - 1:41
PP Defense
1 - 42% - 50% - 1:39
2 - 58% - 50% - 2:19
PK Forward
1 - 50% - 50% - 4:59
2 - 50% - 50% - 4:56
PK Defense
1 - 46% - 50% - 4:34
2 - 54% - 50% - 5:21
PK3 Forward
1 - 0% - 50%
2 - 0% - 50%
PK3 Defense
1 - 0% - 50%
2 - 0% - 50%
44 Forward
1 - 0% - 50%
2 - 0% - 50%
44 Defense
1 - 0% - 50%
2 - 0% - 50%
Last Minute Offensive - 0:00
Last Minute Defensive - 0:00
Total
Forward - 60:00
Defense - 60:00
|
% Time on Ice - Nashville Predators
Lines # - Real PCT - Wanted PCT - Time Play
Normal Forward
1 - 33% - 37% - 15:00
2 - 32% - 33% - 14:56
3 - 21% - 25% - 9:51
4 - 14% - 5% - 6:20
Normal Defense
1 - 36% - 40% - 16:49
2 - 37% - 36% - 17:16
3 - 23% - 24% - 10:48
4 - 3% - 0% - 1:14
PP Forward
1 - 49% - 50% - 4:54
2 - 51% - 50% - 5:01
PP Defense
1 - 53% - 50% - 5:14
2 - 47% - 50% - 4:41
PK Forward
1 - 91% - 65% - 3:37
2 - 9% - 35% - 0:21
PK Defense
1 - 66% - 60% - 2:37
2 - 34% - 40% - 1:21
PK3 Forward
1 - 0% - 50%
2 - 0% - 50%
PK3 Defense
1 - 0% - 50%
2 - 0% - 50%
44 Forward
1 - 0% - 50%
2 - 0% - 50%
44 Defense
1 - 0% - 60%
2 - 0% - 40%
Last Minute Offensive - 0:00
Last Minute Defensive - 0:00
Total
Forward - 60:00
Defense - 60:00
|
Play-by-Play
1st period
0:01 of 1st period - Casey Cizikas wins face-off versus Sidney Crosby in neutral zone.
0:55 of 1st period - Wrist shot by Brandon Duhaime.
0:55 of 1st period - Shot Blocked by Thomas Novak.
1:21 of 1st period - Dmitri Voronkov is hit by Joshua Brown and loses puck.
1:38 of 1st period - Wrist shot by Marcus Johansson.
1:38 of 1st period - Shot Misses the Net.
2:07 of 1st period - Wrist shot by Pius Suter.
2:07 of 1st period - Shot Misses the Net.
2:09 of 1st period - Slapshot by Rasmus Andersson.
2:09 of 1st period - Shot Blocked by Casey Cizikas.
2:43 of 1st period - Wrist shot by Brett Murray.
2:43 of 1st period - Shot Blocked by Artem Zub.
2:45 of 1st period - Slapshot by William Borgen.
2:45 of 1st period - Shot Misses the Net.
2:47 of 1st period - Snap shot by Joel Edmundson.
2:47 of 1st period - Shot Misses the Net.
2:49 of 1st period - Slapshot by William Borgen.
2:49 of 1st period - Stopped by Thatcher Demko with a rebound.
2:51 of 1st period - Slapshot by Joel Edmundson.
2:51 of 1st period - Stopped by Thatcher Demko without a rebound.
2:52 of 1st period - Casey Cizikas wins face-off versus Jake Neighbours in Nashville Predators zone.
2:57 of 1st period - Snap shot by Cody Glass.
2:57 of 1st period - Stopped by Thatcher Demko without a rebound.
2:58 of 1st period - Christian Dvorak wins face-off versus Casey Cizikas in Nashville Predators zone.
3:08 of 1st period - Wrist shot by Jake Neighbours.
3:08 of 1st period - Stopped by Connor Ingram without a rebound.
3:09 of 1st period - Jack McBain wins face-off versus Sidney Crosby in Philadelphia Flyers zone.
4:40 of 1st period - Snap shot by Pius Suter.
4:40 of 1st period - Stopped by Connor Ingram with a rebound.
4:42 of 1st period - Slapshot by Artem Zub.
4:42 of 1st period - Shot Blocked by Zac Jones.
4:44 of 1st period - Snap shot by Christian Dvorak.
4:44 of 1st period - Stopped by Connor Ingram with a rebound.
4:46 of 1st period - Slapshot by Artem Zub.
4:46 of 1st period - Stopped by Connor Ingram without a rebound.
4:47 of 1st period - Sean Kuraly wins face-off versus Sidney Crosby in Philadelphia Flyers zone.
5:19 of 1st period - Snap shot by Brett Murray.
5:19 of 1st period - Stopped by Thatcher Demko without a rebound.
5:20 of 1st period - Christian Dvorak wins face-off versus Jack McBain in Nashville Predators zone.
5:25 of 1st period - Slapshot by Jake Neighbours.
5:25 of 1st period - Goal by Jake Neighbours - Philadelphia Flyers : 0 - Nashville Predators : 1.
5:26 of 1st period - Thomas Novak wins face-off versus Radek Faksa in neutral zone.
5:33 of 1st period - Snap shot by Thomas Novak.
5:33 of 1st period - Shot Misses the Net.
6:36 of 1st period - Snap shot by Jack McBain.
6:36 of 1st period - Shot Misses the Net.
6:38 of 1st period - Slapshot by William Borgen.
6:38 of 1st period - Stopped by Thatcher Demko without a rebound.
6:39 of 1st period - Jack McBain wins face-off versus Thomas Novak in Nashville Predators zone.
6:52 of 1st period - Snap shot by Brett Murray.
6:52 of 1st period - Stopped by Thatcher Demko with a rebound.
6:54 of 1st period - Slapshot by Fredrik Olofsson.
6:54 of 1st period - Stopped by Thatcher Demko without a rebound.
6:55 of 1st period - Sidney Crosby wins face-off versus Radek Faksa in Nashville Predators zone.
7:27 of 1st period - Wrist shot by Sidney Crosby.
7:27 of 1st period - Deflect By Jake Neighbours.
7:27 of 1st period - Stopped by Connor Ingram with a rebound.
8:03 of 1st period - Snap shot by Anthony Duclair.
8:03 of 1st period - Stopped by Connor Ingram with a rebound.
8:13 of 1st period - Wrist shot by Jack McBain.
8:13 of 1st period - Stopped by Thatcher Demko without a rebound.
8:14 of 1st period - Radek Faksa wins face-off versus Christian Dvorak in Nashville Predators zone.
8:41 of 1st period - William Borgen is hit by Ryan Hartman and loses puck.
8:46 of 1st period - Backhand shot by Ryan Hartman.
8:46 of 1st period - Stopped by Connor Ingram with a rebound.
8:48 of 1st period - Wrist shot by Alexander Wennberg.
8:48 of 1st period - Stopped by Connor Ingram with a rebound.
9:08 of 1st period - Simon Benoit is hit by Jack McBain and loses puck.
9:29 of 1st period - Snap shot by Sean Kuraly.
9:29 of 1st period - Shot Misses the Net.
9:31 of 1st period - Slapshot by Trevor van Riemsdyk.
9:31 of 1st period - Shot Misses the Net.
10:10 of 1st period - Snap shot by Cody Glass.
10:10 of 1st period - Shot Misses the Net.
10:22 of 1st period - William Borgen is hit by Ben Chiarot and loses puck.
10:47 of 1st period - Wrist shot by Marcus Johansson.
10:47 of 1st period - Shot Misses the Net.
11:34 of 1st period - Ryan Hartman is hit by Jeff Skinner and loses puck.
12:05 of 1st period - Christian Dvorak is hit by Zac Jones and loses puck.
12:32 of 1st period - Off-side.
12:33 of 1st period - Sidney Crosby wins face-off versus Casey Cizikas in neutral zone.
13:20 of 1st period - Snap shot by Jack McBain.
13:20 of 1st period - Stopped by Thatcher Demko with a rebound.
13:53 of 1st period - Snap shot by Marcus Johansson.
13:53 of 1st period - Shot Misses the Net.
14:11 of 1st period - Snap shot by Cody Glass.
14:11 of 1st period - Shot Misses the Net.
15:10 of 1st period - Snap shot by Marcus Johansson.
15:10 of 1st period - Stopped by Thatcher Demko with a rebound.
15:12 of 1st period - Snap shot by Juuso Parssinen.
15:12 of 1st period - Stopped by Thatcher Demko with a rebound.
15:14 of 1st period - Snap shot by Sean Kuraly.
15:14 of 1st period - Shot Misses the Net.
15:16 of 1st period - Snap shot by Joshua Brown.
15:16 of 1st period - Deflect By Marcus Johansson.
15:16 of 1st period - Goal by Marcus Johansson - Philadelphia Flyers : 1 - Nashville Predators : 1.
15:17 of 1st period - Casey Cizikas wins face-off versus Ryan Hartman in neutral zone.
15:28 of 1st period - Snap shot by Cody Glass.
15:28 of 1st period - Stopped by Thatcher Demko with a rebound.
15:44 of 1st period - Brandon Montour is hit by Juuso Parssinen and loses puck.
15:49 of 1st period - Snap shot by Sean Kuraly.
15:49 of 1st period - Shot Blocked by Artem Zub.
15:51 of 1st period - Snap shot by Vladislav Gavrikov.
15:51 of 1st period - Shot Misses the Net.
15:53 of 1st period - Backhand shot by Vladislav Gavrikov.
15:53 of 1st period - Stopped by Thatcher Demko with a rebound.
15:55 of 1st period - Slapshot by Juuso Parssinen.
15:55 of 1st period - Stopped by Thatcher Demko with a rebound.
16:27 of 1st period - James van Riemsdyk is hit by Joel Edmundson and loses puck.
16:50 of 1st period - Snap shot by Sidney Crosby.
16:50 of 1st period - Shot Misses the Net.
16:52 of 1st period - Wrist shot by Sidney Crosby.
16:52 of 1st period - Shot Misses the Net.
16:54 of 1st period - Wrist shot by Artem Zub.
16:54 of 1st period - Shot Hit the Post.
17:20 of 1st period - Snap shot by Marcus Johansson.
17:20 of 1st period - Stopped by Thatcher Demko with a rebound.
17:22 of 1st period - Minor Penalty to Simon Benoit for Roughing.
17:23 of 1st period - Sidney Crosby wins face-off versus Jack McBain in Nashville Predators zone.
18:18 of 1st period - Icing by Casey Cizikas.
18:19 of 1st period - James van Riemsdyk wins face-off versus Casey Cizikas in Philadelphia Flyers zone.
18:20 of 1st period - Slapshot by Pius Suter.
18:20 of 1st period - Deflect By James van Riemsdyk.
18:20 of 1st period - Shot Misses the Net.
18:20 of 1st period - Puck is out of play.
18:21 of 1st period - Jack McBain wins face-off versus James van Riemsdyk in Philadelphia Flyers zone.
18:48 of 1st period - Slapshot by Sidney Crosby.
18:48 of 1st period - Stopped by Connor Ingram with a rebound.
19:22 of 1st period - Penalty to Simon Benoit is over, Simon Benoit is back on ice.
19:40 of 1st period - Snap shot by Jack McBain.
19:40 of 1st period - Stopped by Thatcher Demko with a rebound.
19:42 of 1st period - Slapshot by Trevor van Riemsdyk.
19:42 of 1st period - Shot Misses the Net.
19:58 of 1st period - Wrist shot by Pius Suter.
19:58 of 1st period - Stopped by Connor Ingram without a rebound.
19:59 of 1st period - Radek Faksa wins face-off versus Thomas Novak in Philadelphia Flyers zone.
Goals for this period are 1 for Philadelphia Flyers vs 1 for Nashville Predators.
Shots for this period are 17 for Philadelphia Flyers vs 11 for Nashville Predators.
2nd period
0:01 of 2nd period - Alexander Wennberg wins face-off versus Jack McBain in neutral zone.
0:04 of 2nd period - Jack McBain is hit by Ryan Hartman.
0:48 of 2nd period - Icing by Jake Neighbours.
0:49 of 2nd period - Pius Suter wins face-off versus Jack McBain in Nashville Predators zone.
1:04 of 2nd period - Snap shot by Brett Murray.
1:04 of 2nd period - Stopped by Thatcher Demko without a rebound.
1:05 of 2nd period - Radek Faksa wins face-off versus Sidney Crosby in Nashville Predators zone.
1:06 of 2nd period - Snap shot by Luke Glendening.
1:06 of 2nd period - Stopped by Thatcher Demko with a rebound.
1:08 of 2nd period - Wrist shot by Radek Faksa.
1:08 of 2nd period - Shot Blocked by Alexander Wennberg.
1:10 of 2nd period - Slapshot by Trevor van Riemsdyk.
1:10 of 2nd period - Stopped by Thatcher Demko with a rebound.
1:12 of 2nd period - Backhand shot by Brandon Duhaime.
1:12 of 2nd period - Shot Misses the Net.
1:14 of 2nd period - Snap shot by Luke Glendening.
1:14 of 2nd period - Deflect By Brandon Duhaime.
1:14 of 2nd period - Stopped by Thatcher Demko without a rebound.
1:15 of 2nd period - Radek Faksa wins face-off versus Sidney Crosby in Nashville Predators zone.
1:26 of 2nd period - Wrist shot by Radek Faksa.
1:26 of 2nd period - Stopped by Thatcher Demko without a rebound.
1:27 of 2nd period - Sidney Crosby wins face-off versus Sean Kuraly in Nashville Predators zone.
1:54 of 2nd period - Jake Neighbours is hit by Jack McBain.
2:24 of 2nd period - Snap shot by Jack McBain.
2:24 of 2nd period - Stopped by Thatcher Demko without a rebound.
2:25 of 2nd period - Dmitri Voronkov wins face-off versus Radek Faksa in Nashville Predators zone.
2:36 of 2nd period - Snap shot by Kirby Dach.
2:36 of 2nd period - Stopped by Connor Ingram without a rebound.
2:37 of 2nd period - Sidney Crosby wins face-off versus Sean Kuraly in Philadelphia Flyers zone.
3:04 of 2nd period - Jake Neighbours is hit by Brandon Duhaime and loses puck.
3:31 of 2nd period - Snap shot by James van Riemsdyk.
3:31 of 2nd period - Shot Misses the Net.
3:33 of 2nd period - Wrist shot by Anthony Duclair.
3:33 of 2nd period - Shot Misses the Net.
4:17 of 2nd period - Snap shot by Brandon Duhaime.
4:17 of 2nd period - Shot Blocked by Dante Fabbro.
4:19 of 2nd period - Slapshot by Joshua Brown.
4:19 of 2nd period - Shot Blocked by Simon Benoit.
4:32 of 2nd period - Icing by Marcus Johansson.
4:33 of 2nd period - Sidney Crosby wins face-off versus Sean Kuraly in Philadelphia Flyers zone.
5:04 of 2nd period - Snap shot by Sidney Crosby.
5:04 of 2nd period - Shot Hit the Post.
5:06 of 2nd period - Slapshot by Rasmus Andersson.
5:06 of 2nd period - Shot Blocked by Sean Kuraly.
5:08 of 2nd period - Slapshot by Rasmus Andersson.
5:08 of 2nd period - Stopped by Connor Ingram without a rebound.
5:09 of 2nd period - Casey Cizikas wins face-off versus Christian Dvorak in Philadelphia Flyers zone.
5:37 of 2nd period - Snap shot by Dmitri Voronkov.
5:37 of 2nd period - Shot Misses the Net.
5:39 of 2nd period - Snap shot by Artem Zub.
5:39 of 2nd period - Shot Misses the Net.
5:41 of 2nd period - Snap shot by Kailer Yamamoto.
5:41 of 2nd period - Stopped by Connor Ingram without a rebound.
5:42 of 2nd period - Jack McBain wins face-off versus Dmitri Voronkov in Philadelphia Flyers zone.
5:55 of 2nd period - Backhand shot by Kirby Dach.
5:55 of 2nd period - Shot Blocked by Joel Edmundson.
6:32 of 2nd period - Wrist shot by Marcus Johansson.
6:32 of 2nd period - Goal by Marcus Johansson - Philadelphia Flyers : 2 - Nashville Predators : 1.
6:33 of 2nd period - Jack McBain wins face-off versus Sidney Crosby in neutral zone.
6:36 of 2nd period - Snap shot by Jack McBain.
6:36 of 2nd period - Shot Misses the Net.
6:42 of 2nd period - Snap shot by Brett Murray.
6:42 of 2nd period - Goal by Brett Murray - Philadelphia Flyers : 3 - Nashville Predators : 1.
6:43 of 2nd period - Sidney Crosby wins face-off versus Casey Cizikas in neutral zone.
6:45 of 2nd period - Minor Penalty to Brandon Montour for High sticking.
6:46 of 2nd period - Casey Cizikas wins face-off versus Sidney Crosby in Nashville Predators zone.
6:55 of 2nd period - Icing by Cody Glass.
6:56 of 2nd period - Sidney Crosby wins face-off versus Casey Cizikas in Philadelphia Flyers zone.
6:57 of 2nd period - Snap shot by Alexander Wennberg.
6:57 of 2nd period - Stopped by Connor Ingram without a rebound.
6:58 of 2nd period - Casey Cizikas wins face-off versus Sidney Crosby in Philadelphia Flyers zone.
7:05 of 2nd period - Slapshot by Sean Kuraly.
7:05 of 2nd period - Shot Blocked by Artem Zub.
7:07 of 2nd period - Slapshot by Cody Glass.
7:07 of 2nd period - Shot Blocked by Simon Benoit.
7:09 of 2nd period - Wrist shot by Sean Kuraly.
7:09 of 2nd period - Shot Misses the Net.
7:11 of 2nd period - Snap shot by Casey Cizikas.
7:11 of 2nd period - Stopped by Thatcher Demko without a rebound.
7:12 of 2nd period - Jack McBain wins face-off versus Sidney Crosby in Nashville Predators zone.
7:41 of 2nd period - Wrist shot by Cody Glass.
7:41 of 2nd period - Shot Blocked by Artem Zub.
8:45 of 2nd period - Penalty to Brandon Montour is over, Brandon Montour is back on ice.
8:55 of 2nd period - Zac Jones is hit by Ben Chiarot and loses puck.
9:02 of 2nd period - Dmitri Voronkov is hit by Brandon Duhaime and loses puck.
9:56 of 2nd period - Snap shot by Sidney Crosby.
9:56 of 2nd period - Shot Blocked by Jeff Skinner.
9:58 of 2nd period - Slapshot by Simon Benoit.
9:58 of 2nd period - Deflect By William Borgen.
9:58 of 2nd period - Stopped by Connor Ingram without a rebound.
9:59 of 2nd period - Sidney Crosby wins face-off versus Radek Faksa in Philadelphia Flyers zone.
10:26 of 2nd period - James van Riemsdyk is hit by Sean Kuraly and loses puck.
10:50 of 2nd period - Rasmus Andersson is hit by Joel Edmundson and loses puck.
11:34 of 2nd period - Wrist shot by Radek Faksa.
11:34 of 2nd period - Shot Misses the Net.
11:36 of 2nd period - Snap shot by Zac Jones.
11:36 of 2nd period - Stopped by Thatcher Demko with a rebound.
11:38 of 2nd period - Snap shot by Luke Glendening.
11:38 of 2nd period - Stopped by Thatcher Demko with a rebound.
11:40 of 2nd period - Slapshot by Zac Jones.
11:40 of 2nd period - Deflect By Radek Faksa.
11:40 of 2nd period - Shot Misses the Net.
11:40 of 2nd period - Puck is out of play.
11:41 of 2nd period - Christian Dvorak wins face-off versus Jeff Skinner in Nashville Predators zone.
11:48 of 2nd period - Slapshot by Jake Neighbours.
11:48 of 2nd period - Deflect By Christian Dvorak.
11:48 of 2nd period - Shot Blocked by Vladislav Gavrikov.
11:48 of 2nd period - Puck is out of play.
11:49 of 2nd period - Casey Cizikas wins face-off versus Christian Dvorak in Philadelphia Flyers zone.
11:49 of 2nd period - Casey Cizikas is hit by Brandon Montour.
12:13 of 2nd period - Wrist shot by Jake Neighbours.
12:13 of 2nd period - Shot Blocked by Vladislav Gavrikov.
12:15 of 2nd period - Snap shot by Jake Neighbours.
12:15 of 2nd period - Shot Misses the Net.
12:17 of 2nd period - Slapshot by Brandon Montour.
12:17 of 2nd period - Stopped by Connor Ingram without a rebound.
12:18 of 2nd period - Sean Kuraly wins face-off versus Ryan Hartman in Philadelphia Flyers zone.
12:43 of 2nd period - Fredrik Olofsson is hit by Simon Benoit and loses puck.
12:50 of 2nd period - Snap shot by Anthony Duclair.
12:50 of 2nd period - Stopped by Connor Ingram with a rebound.
13:03 of 2nd period - Minor Penalty to William Borgen for High sticking.
13:04 of 2nd period - Sidney Crosby wins face-off versus Casey Cizikas in Philadelphia Flyers zone.
13:13 of 2nd period - Snap shot by Pius Suter.
13:13 of 2nd period - Stopped by Connor Ingram with a rebound.
13:19 of 2nd period - Snap shot by Sidney Crosby.
13:19 of 2nd period - Shot Misses the Net.
15:03 of 2nd period - Penalty to William Borgen is over, William Borgen is back on ice.
15:41 of 2nd period - Icing by William Borgen.
15:42 of 2nd period - Sidney Crosby wins face-off versus Sean Kuraly in Philadelphia Flyers zone.
15:43 of 2nd period - Wrist shot by Ryan Hartman.
15:43 of 2nd period - Deflect By Sidney Crosby.
15:43 of 2nd period - Stopped by Connor Ingram with a rebound.
16:13 of 2nd period - Icing by Vladislav Gavrikov.
16:14 of 2nd period - Christian Dvorak wins face-off versus Radek Faksa in Philadelphia Flyers zone.
16:17 of 2nd period - Wrist shot by Jake Neighbours.
16:17 of 2nd period - Stopped by Connor Ingram with a rebound.
16:19 of 2nd period - Snap shot by Artem Zub.
16:19 of 2nd period - Shot Misses the Net.
16:21 of 2nd period - Slapshot by Artem Zub.
16:21 of 2nd period - Stopped by Connor Ingram with a rebound.
16:51 of 2nd period - Wrist shot by Sean Kuraly.
16:51 of 2nd period - Deflect By Sidney Crosby.
16:51 of 2nd period - Shot Misses the Net.
16:51 of 2nd period - Puck is out of play.
16:52 of 2nd period - Thomas Novak wins face-off versus Casey Cizikas in Nashville Predators zone.
16:52 of 2nd period - Thomas Novak is hit by Casey Cizikas.
17:07 of 2nd period - Slapshot by Joel Edmundson.
17:07 of 2nd period - Stopped by Thatcher Demko with a rebound.
17:33 of 2nd period - Slapshot by Pius Suter.
17:33 of 2nd period - Stopped by Connor Ingram with a rebound.
17:39 of 2nd period - Minor Penalty to William Borgen for Slashing.
17:40 of 2nd period - Alexander Wennberg wins face-off versus Sean Kuraly in Philadelphia Flyers zone.
19:39 of 2nd period - Penalty to William Borgen is over, William Borgen is back on ice.
19:39 of 2nd period - Jack McBain is hit by Artem Zub and loses puck.
19:40 of 2nd period - Jack McBain from Philadelphia Flyers is injured at 19:40 of 2nd period (Strained Right Elbow).
19:41 of 2nd period - Sidney Crosby wins face-off versus Radek Faksa in Philadelphia Flyers zone.
19:44 of 2nd period - Snap shot by Ryan Hartman.
19:44 of 2nd period - Shot Blocked by Brandon Duhaime.
19:46 of 2nd period - Wrist shot by Alexander Wennberg.
19:46 of 2nd period - Stopped by Connor Ingram with a rebound.
19:54 of 2nd period - Slapshot by Sidney Crosby.
19:54 of 2nd period - Stopped by Connor Ingram without a rebound.
19:55 of 2nd period - Sean Kuraly wins face-off versus Sidney Crosby in Philadelphia Flyers zone.
Goals for this period are 2 for Philadelphia Flyers vs 0 for Nashville Predators.
Shots for this period are 12 for Philadelphia Flyers vs 14 for Nashville Predators.
3rd period
0:01 of 3rd period - Radek Faksa wins face-off versus Sidney Crosby in neutral zone.
0:04 of 3rd period - Slapshot by Trevor van Riemsdyk.
0:04 of 3rd period - Stopped by Thatcher Demko without a rebound.
0:05 of 3rd period - Sidney Crosby wins face-off versus Radek Faksa in Nashville Predators zone.
0:10 of 3rd period - Slapshot by Sidney Crosby.
0:10 of 3rd period - Shot Misses the Net.
0:36 of 3rd period - Slapshot by Marcus Johansson.
0:36 of 3rd period - Stopped by Thatcher Demko without a rebound.
0:37 of 3rd period - Sean Kuraly wins face-off versus Christian Dvorak in Nashville Predators zone.
0:38 of 3rd period - Snap shot by Marcus Johansson.
0:38 of 3rd period - Shot Misses the Net.
0:50 of 3rd period - Zac Jones is hit by Brandon Montour and loses puck.
1:25 of 3rd period - Dante Fabbro is hit by Fredrik Olofsson and loses puck.
2:40 of 3rd period - Minor Penalty to Brandon Duhaime for Interference.
2:41 of 3rd period - Sidney Crosby wins face-off versus Radek Faksa in Philadelphia Flyers zone.
2:49 of 3rd period - Wrist shot by Pius Suter.
2:49 of 3rd period - Stopped by Connor Ingram with a rebound.
4:40 of 3rd period - Penalty to Brandon Duhaime is over, Brandon Duhaime is back on ice.
5:45 of 3rd period - Thomas Novak is hit by Brandon Duhaime and loses puck.
5:52 of 3rd period - Vladislav Gavrikov is hit by James van Riemsdyk and loses puck.
6:15 of 3rd period - Sean Kuraly is hit by Jake Neighbours and loses puck.
6:30 of 3rd period - Backhand shot by Brett Murray.
6:30 of 3rd period - Shot Misses the Net.
6:42 of 3rd period - Snap shot by Jeff Skinner.
6:42 of 3rd period - Shot Misses the Net.
7:15 of 3rd period - Icing by Luke Glendening.
7:16 of 3rd period - Sidney Crosby wins face-off versus Radek Faksa in Philadelphia Flyers zone.
7:19 of 3rd period - Snap shot by Alexander Wennberg.
7:19 of 3rd period - Shot Misses the Net.
7:21 of 3rd period - Snap shot by Christian Dvorak.
7:21 of 3rd period - Shot Misses the Net.
7:23 of 3rd period - Snap shot by Rasmus Andersson.
7:23 of 3rd period - Shot Misses the Net.
7:25 of 3rd period - Snap shot by Christian Dvorak.
7:25 of 3rd period - Stopped by Connor Ingram without a rebound.
7:26 of 3rd period - Christian Dvorak wins face-off versus Casey Cizikas in Philadelphia Flyers zone.
7:27 of 3rd period - Snap shot by Pius Suter.
7:27 of 3rd period - Deflect By Jake Neighbours.
7:27 of 3rd period - Shot Misses the Net.
7:27 of 3rd period - Puck is out of play.
7:28 of 3rd period - Sidney Crosby wins face-off versus Casey Cizikas in Philadelphia Flyers zone.
7:56 of 3rd period - Icing by Alexander Wennberg.
7:57 of 3rd period - Radek Faksa wins face-off versus Sidney Crosby in Nashville Predators zone.
8:00 of 3rd period - Slapshot by Brandon Duhaime.
8:00 of 3rd period - Shot Blocked by Brandon Montour.
8:02 of 3rd period - Wrist shot by Vladislav Gavrikov.
8:02 of 3rd period - Shot Blocked by Artem Zub.
8:04 of 3rd period - Snap shot by Fredrik Olofsson.
8:04 of 3rd period - Stopped by Thatcher Demko without a rebound.
8:05 of 3rd period - Christian Dvorak wins face-off versus Jeff Skinner in Nashville Predators zone.
8:41 of 3rd period - Snap shot by Sidney Crosby.
8:41 of 3rd period - Stopped by Connor Ingram without a rebound.
8:42 of 3rd period - Thomas Novak wins face-off versus Radek Faksa in Philadelphia Flyers zone.
8:57 of 3rd period - Brandon Duhaime is hit by Anthony Duclair and loses puck.
9:32 of 3rd period - Wrist shot by Juuso Parssinen.
9:32 of 3rd period - Stopped by Thatcher Demko with a rebound.
9:34 of 3rd period - Slapshot by William Borgen.
9:34 of 3rd period - Deflect By Jake Neighbours.
9:34 of 3rd period - Stopped by Thatcher Demko without a rebound.
9:35 of 3rd period - Sean Kuraly wins face-off versus Christian Dvorak in Nashville Predators zone.
10:11 of 3rd period - Snap shot by Ryan Hartman.
10:11 of 3rd period - Stopped by Connor Ingram with a rebound.
10:24 of 3rd period - Minor Penalty to Jeff Skinner for Delaying the game.
10:25 of 3rd period - Anthony Duclair wins face-off versus Casey Cizikas in Philadelphia Flyers zone.
10:25 of 3rd period - Slapshot by Alexander Wennberg.
10:25 of 3rd period - Deflect By Joel Edmundson.
10:25 of 3rd period - Shot Misses the Net.
10:25 of 3rd period - Puck is out of play.
10:26 of 3rd period - Alexander Wennberg wins face-off versus Casey Cizikas in Philadelphia Flyers zone.
12:24 of 3rd period - Penalty to Jeff Skinner is over, Jeff Skinner is back on ice.
12:53 of 3rd period - Minor Penalty to Joshua Brown for Tripping.
12:54 of 3rd period - Casey Cizikas wins face-off versus Alexander Wennberg in Philadelphia Flyers zone.
13:16 of 3rd period - Snap shot by Pius Suter.
13:16 of 3rd period - Shot Blocked by Trevor van Riemsdyk.
13:18 of 3rd period - Backhand shot by Pius Suter.
13:18 of 3rd period - Shot Misses the Net.
14:53 of 3rd period - Penalty to Joshua Brown is over, Joshua Brown is back on ice.
15:10 of 3rd period - Slapshot by Fredrik Olofsson.
15:10 of 3rd period - Stopped by Thatcher Demko with a rebound.
16:11 of 3rd period - Sean Kuraly is hit by Sidney Crosby and loses puck.
17:06 of 3rd period - Kailer Yamamoto is hit by Luke Glendening and loses puck.
Goals for this period are 0 for Philadelphia Flyers vs 0 for Nashville Predators.
Shots for this period are 6 for Philadelphia Flyers vs 4 for Nashville Predators.
Back to the Top